Map: Green Acres

Players

irvinz

  • Race: Zerg Zerg
  • Spawn Location: 7:00

BlueHawk

  • Race: Terran Terran
  • Spawn Location: 3:00

DarkTemplar

  • Race: Protoss Protoss
  • League: Silver
  • Spawn Location: 1:00

fortes

  • Race: Zerg Zerg
  • Spawn Location: 12:00

bertman

  • Race: Terran Terran
  • Spawn Location: 9:00

VOD

Have the link to the VOD?

Description

Time

  • Played on: Aug. 23, 2018, 2:41 p.m.
  • Length: 14:31
Show
View Real Time Build Order
Export as new Build Order

irvinz Zerg 

Build Orders: Hatch First 

Get SALT Encoding   

  12  0:01  Drone  
  13  0:08  Drone  
  14  0:37  Hatchery  
  14  0:38  Drone  
  14  0:46  Overlord  
  14  1:05  Drone x3  
  17  1:15  Spawning Pool  
  17  1:16  Drone  
  17  1:26  Drone  
  18  1:35  Extractor  
  18  1:39  Drone  
  18  1:54  Overlord, Drone  
  18  2:00  Drone  
  18  2:01  Drone  
  21  2:02  Queen  
  23  2:11  Queen  
  25  2:18  Drone x2  
  25  2:21  Zergling x2  
  28  2:26  Drone  
  29  2:37  Metabolic Boost  
  29  2:39  Overlord, Drone  
  29  2:42  Drone  
  31  2:45  Zergling x2  
  32  3:00  Drone x2  
  32  3:02  Queen  
  32  3:04  Drone x2  
  38  3:15  Drone x4  
  41  3:22  Spine Crawler, Drone  
  41  3:26  Spine Crawler  
  40  3:28  Drone  
  40  3:31  Zergling x4  
  40  3:33  Overlord  
  43  3:50  Overlord  
  43  3:54  Drone x2  
  45  3:58  Lair  
  45  3:59  Drone x3  
  45  4:01  Drone  
  49  4:03  Drone  
  49  4:04  Hatchery  
  49  4:07  Drone, Zergling x2  
  51  4:21  Drone x3, Zergling x4  
  56  4:27  Extractor, Drone x3  
  56  4:30  Extractor x2  
  56  4:40  Drone x2, Zergling x2  
  56  4:43  Overlord x2  
  59  4:57  Drone  
  59  4:59  Overlord  
  60  5:10  Drone  
  60  5:11  Drone  
  62  5:20  Zergling x8, Spire  
  65  5:22  Drone  
  65  5:23  Queen, Drone  
  65  5:26  Hatchery  
  68  5:28  Drone x2  
  68  5:33  Zergling x6  
  68  5:34  Zergling x6  
  76  5:36  Zergling x2  
  76  5:43  Zergling x2  
  76  5:44  Drone  
  78  5:55  Drone x3  
  78  5:56  Drone  
  81  5:59  Spine Crawler  
  81  6:02  Spore Crawler  
  79  6:06  Drone x2  
  81  6:12  Evolution Chamber  
  81  6:13  Evolution Chamber, Drone x2  
  81  6:18  Extractor, Drone  
  80  6:20  Extractor  
  80  6:32  Drone  
  81  6:36  Zerg Flyer Weapons Level 1, Hydralisk Den  
  81  6:37  Queen  
  81  6:38  Drone  
  81  6:39  Drone  
  84  6:40  Drone  
  84  6:41  Drone x2  
  84  6:42  Overlord  
  84  6:43  Overlord x3  
  87  6:50  Spine Crawler x2  
  87  6:53  Spine Crawler  
  85  7:01  Drone x3  
  86  7:12  Hatchery  
  86  7:13  Mutalisk x2  
  89  7:20  Drone x3  
  92  7:31  Mutalisk x5  
  102  7:45  Infestation Pit  
  97  7:55  Mutalisk x2  
  95  8:01  Mutalisk  
  95  8:03  Drone, Zergling x4  
  95  8:04  Zergling x4, Drone x4  
  101  8:17  Mutalisk x3  
  101  8:18  Mutalisk x5  
  117  8:22  Zerg Melee Weapons Level 1  
  117  8:27  Zerg Ground Armor Level 1  
  117  8:32  Mutalisk  
  119  8:38  Overlord  
  119  8:45  Mutalisk x2  
  123  8:53  Mutalisk  
  123  8:55  Overlord x2  
  125  8:56  Overlord x2  
  125  9:03  Zerg Flyer Weapons Level 2  
  125  9:08  Grooved Spines  
  125  9:12  Drone  
  126  9:24  Mutalisk  
  126  9:29  Overlord  
  126  9:30  Drone  
  126  9:31  Zergling x8, Drone x4  
  137  9:53  Mutalisk  
  137  9:54  Mutalisk x2  
  143  10:19  Mutalisk, Hydralisk  
  143  10:20  Hydralisk x3  
  143  10:21  Hydralisk x2  
  152  10:22  Zergling x2  
  152  10:23  Zergling x12  
  160  10:30  Mutalisk x3  
  160  10:31  Mutalisk, Drone  
  160  10:33  Overlord x2  
  161  10:43  Drone x2  
  161  10:44  Mutalisk  
  161  10:46  Drone x2  
  165  10:51  Spine Crawler x2  
  165  10:54  Spine Crawler  
  165  10:55  Spine Crawler  
  140  11:24  Corruptor x3  
  140  11:29  Mutalisk x5  
  140  11:31  Zergling x4  
  140  11:32  Zergling x2  
  141  11:36  Zergling x8  
  143  11:44  Mutalisk  
  145  11:51  Zergling x6  
  141  12:03  Hive  
  137  12:13  Overlord x3  
  137  12:14  Overlord  
  135  12:16  Zerg Flyer Armor Level 1  
  135  12:26  Overlord x2  
  133  12:31  Hatchery  
  133  12:36  Drone  
  128  12:39  Extractor  
  128  12:42  Drone x3  
  128  12:44  Drone  
  128  12:45  Drone x3  
  128  12:48  Hatchery  
  128  12:50  Mutalisk  
  128  12:51  Mutalisk x2  
  133  12:52  Drone x2  
  133  12:53  Zergling x6, Drone x2  
  144  13:05  Extractor  
  143  13:07  Mutalisk x2  
  143  13:09  Drone  
  143  13:12  Drone x2  
  150  13:22  Zergling x2  
  150  13:23  Drone x2, Ultralisk Cavern, Zergling x6  
  150  13:24  Drone  
  156  13:55  Zergling x2  
  156  13:56  Mutalisk, Zergling x6  
  156  13:57  Zergling x10  
  156  13:58  Zergling x8  
Show
View Real Time Build Order
Export as new Build Order

BlueHawk Terran 

Build Orders: Reaper Expand 

Get SALT Encoding   

  12  0:15  Supply Depot  
  12  0:22  SCV  
  13  0:39  Barracks  
  13  0:43  SCV  
  13  0:49  Refinery  
  14  0:56  SCV  
  15  1:09  SCV  
  16  1:21  Refinery  
  16  1:36  Barracks Reactor  
  16  1:42  Command Center  
  16  1:50  Orbital Command  
  16  2:20  SCV  
  17  2:23  Reaper x2  
  19  2:33  Factory, SCV  
  20  2:46  SCV  
  21  3:01  SCV  
  22  3:11  Marine x2  
  24  3:13  SCV  
  24  3:19  Supply Depot  
  25  3:21  Factory Tech Lab  
  25  3:26  SCV  
  25  3:27  Starport  
  26  3:39  Orbital Command  
  26  3:41  SCV  
  27  4:00  SCV  
  28  4:04  Marine  
  28  4:05  Factory Tech Lab  
  28  4:07  Stimpack  
  29  4:12  SCV  
  29  4:13  SCV  
  31  4:26  SCV x2  
  31  4:30  Viking x2  
  37  4:35  Marine  
  38  4:38  SCV  
  38  4:41  SCV  
  38  4:42  Siege Tank  
  41  4:53  Marine  
  41  4:56  SCV x2  
  44  5:06  Barracks  
  44  5:07  Barracks  
  44  5:09  Barracks  
  44  5:10  Engineering Bay  
  44  5:12  Armory, SCV x2  
  46  5:17  Engineering Bay  
  46  5:59  Refinery  
  46  6:01  Refinery  
  46  6:02  Barracks Reactor  
  46  6:06  Barracks Reactor  
  46  6:07  Barracks Reactor  
  46  6:15  Supply Depot x3  
  46  6:17  Supply Depot  
  46  6:18  Terran Infantry Weapons Level 1, Terran Infantry Armor Level 1  
  46  6:36  Siege Tank, Viking x2, SCV  
  46  6:37  SCV, Marauder  
  57  6:47  Marine  
  57  6:48  Marine x5, SCV  
  57  6:49  SCV  
  65  6:58  Marine  
  66  7:05  Marine  
  67  7:08  Siege Tank  
  70  7:27  Marine x5  
  70  7:28  Marine x2  
  77  7:33  SCV  
  78  7:47  SCV  
  78  8:36  Starport  
  78  8:39  Factory, Starport  
  78  8:41  Factory  
  78  8:54  Terran Infantry Weapons Level 2  
  78  9:33  Factory Tech Lab x2  
  78  9:51  Supply Depot x3  
  78  9:53  Supply Depot  
  78  9:54  Supply Depot  
  78  9:58  Supply Depot  
  78  10:12  Medivac x3, Marine x5, Siege Tank, SCV x2  
  78  10:13  Medivac, Marine x2  
  98  10:14  Supply Depot  
  98  10:15  Supply Depot  
  98  10:20  Supply Depot  
  98  10:24  SCV  
  98  10:25  SCV  
  98  10:27  Siege Tank x2  
  106  10:30  Marine x5  
  106  10:31  Marine  
  112  10:39  Marine  
  112  10:42  Medivac x2  
  117  10:45  Siege Tank  
  109  11:03  SCV x2  
  109  11:04  Marine x6  
  108  11:05  Marine  
  108  11:06  Medivac, Viking  
  114  11:12  Viking x2  
  118  11:21  Marine  
  118  11:22  Marine  
  120  11:32  Marine x3  
  121  11:33  Marine x2  
  121  11:36  Viking  
  126  11:44  Viking x3  
  117  11:57  Marine x4  
  117  11:58  Marine x3  
  108  12:06  Viking  
  100  12:15  Marine x2  
  102  12:23  SCV  
  102  12:24  SCV  
Show
View Real Time Build Order
Export as new Build Order

DarkTemplar Protoss 

Build Orders:  

Get SALT Encoding   

  12  0:01  Probe  
  13  0:13  Probe  
  14  0:23  Pylon  
  14  0:29  Probe  
  15  0:41  Probe  
  16  0:47  Gateway  
  16  0:50  Assimilator  
  16  0:53  Probe  
  17  1:00  Assimilator  
  17  1:06  Probe  
  18  1:13  Pylon  
  18  1:17  Probe  
  19  1:25  Probe  
  20  1:35  Probe  
  20  1:36  Cybernetics Core  
  21  1:44  Warp Gate  
  21  1:47  Probe  
  21  1:53  Pylon  
  22  1:59  Probe  
  23  2:12  Robotics Facility  
  23  2:19  Stalker  
  23  2:20  Gateway  
  25  2:24  Probe  
  28  2:54  Zealot  
  28  3:08  Nexus  
  28  3:09  Pylon, Zealot  
  30  3:24  Immortal  
  34  3:33  Probe  
  35  3:45  Probe  
  36  3:52  Forge  
  36  3:54  Pylon  
  36  3:57  Probe  
  36  4:00  Warp Prism  
  37  4:09  Probe  
  40  4:21  Probe  
  41  4:24  Probe  
  41  4:31  Photon Cannon  
  42  4:32  Protoss Ground Weapons Level 1  
  42  4:33  Probe  
  42  4:36  Probe, Pylon  
  44  4:46  Probe  
  44  4:48  Probe, Observer  
  47  5:00  Probe  
  47  5:01  Probe  
  49  5:10  Robotics Bay  
  49  5:12  Probe  
  49  5:13  Probe  
  49  5:14  Assimilator  
  51  5:18  Assimilator  
  51  5:24  Probe  
  52  5:30  Zealot x2  
  56  5:41  Probe x2  
  54  5:53  Probe x2  
  52  6:00  Zealot  
  52  6:01  Zealot  
  56  6:04  Colossus  
  56  6:05  Probe x2  
  64  6:13  Photon Cannon  
  64  6:16  Pylon  
  64  6:25  Zealot  
  66  6:30  Protoss Ground Armor Level 1  
  65  6:45  Extended Thermal Lance  
  65  6:54  Robotics Facility  
  65  6:57  Pylon  
  65  7:00  Colossus  
  71  7:01  Gateway  
  71  7:05  Gateway  
  71  7:09  Gateway  
  71  7:31  Forge  
  71  7:33  Pylon  
  71  7:39  Twilight Council  
  71  7:40  Colossus  
  71  7:41  Stargate  
  71  7:44  Pylon, Colossus  
  83  8:08  Protoss Shields Level 1  
  83  8:25  Gravitic Drive  
  83  8:29  Zealot x2  
  87  8:36  Probe x2, Colossus  
  87  8:37  Charge, Colossus  
  101  8:47  Shield Battery  
  101  8:49  Shield Battery  
  101  8:51  Shield Battery  
  87  9:04  Pylon  
  87  9:07  Pylon  
  85  9:24  Stalker x2  
  85  9:25  Stalker x2  
  85  9:26  Stalker  
  95  9:46  Photon Cannon  
  95  9:48  Photon Cannon  
  95  9:52  Phoenix  
  97  9:53  Photon Cannon  
  97  9:55  Photon Cannon  
  97  10:08  Stalker  
  97  10:09  Stalker x2  
  97  10:10  Protoss Ground Armor Level 2, Stalker x2  
  107  10:16  Blink  
  107  10:17  Phoenix  
  107  10:18  Protoss Ground Weapons Level 2  
  109  10:31  Colossus  
  105  10:42  Phoenix  
  103  10:48  Stalker x3  
  103  10:49  Stalker  
  105  11:07  Phoenix  
  87  11:32  Phoenix  
  77  11:55  Phoenix  
  79  12:05  Pylon  
  79  12:07  Pylon  
  79  12:12  Phoenix  
  79  12:25  Stargate  
  79  12:26  Stargate  
  79  12:37  Phoenix  
  81  12:48  Stalker x2  
  81  12:49  Stalker  
  81  12:50  Stalker  
  89  12:59  Nexus  
  89  13:22  Phoenix x3  
  95  13:33  Stalker x2  
  95  13:34  Stalker  
  101  13:35  Stalker  
  103  13:47  Phoenix  
  105  13:55  Assimilator  
  105  14:00  Assimilator  
  105  14:04  Pylon  
Show
View Real Time Build Order
Export as new Build Order

fortes Zerg 

Build Orders: Pool First 

Get SALT Encoding   

  12  0:44  Drone x2  
  12  0:46  Overlord  
  14  1:11  Drone x2  
  16  1:13  Spawning Pool  
  15  1:28  Drone x2  
  17  1:33  Hatchery  
  17  1:37  Extractor  
  17  1:39  Drone  
  16  1:54  Drone  
  17  2:02  Drone  
  18  2:11  Drone  
  19  2:15  Hatchery  
  19  2:17  Queen  
  20  2:25  Drone  
  21  2:38  Overlord  
  21  2:47  Drone x2  
  23  2:52  Queen  
  25  3:01  Drone x2  
  27  3:12  Drone x2  
  29  3:13  Extractor  
  28  3:22  Metabolic Boost  
  28  3:24  Drone x2  
  30  3:31  Zergling x4  
  30  3:32  Zergling x6  
  35  3:38  Drone  
  36  3:47  Drone x2  
  38  3:54  Drone x3  
  41  3:58  Hatchery  
  40  4:09  Zergling x6  
  40  4:23  Drone x4  
  42  4:32  Overlord x2  
  42  4:33  Overlord  
  42  4:52  Drone x5  
  47  5:01  Drone x3  
  50  5:13  Drone x4  
  54  5:25  Drone x4  
  58  5:33  Lair  
  58  5:41  Drone x6  
  58  5:42  Drone  
  65  5:45  Extractor  
  65  5:47  Extractor  
  63  5:51  Queen, Extractor  
  63  5:52  Extractor  
  63  5:53  Queen  
  63  5:54  Queen  
  67  6:16  Drone x5  
  72  6:36  Roach Warren  
  72  6:37  Overlord, Drone  
  72  6:38  Overlord x3  
  72  7:11  Zergling x2  
  72  7:12  Zergling x20  
  83  7:22  Spire  
  82  7:34  Roach x6, Hydralisk Den  
  82  7:35  Roach x3  
  93  7:59  Roach x4  
  93  8:00  Roach  
  93  8:05  Zergling x10  
  90  8:06  Zergling x2  
  95  8:20  Drone  
  95  8:21  Drone x4  
  95  8:26  Hydralisk  
  100  8:38  Hydralisk, Zergling x2  
  95  8:56  Drone  
  95  8:57  Drone x7  
  103  9:03  Zerg Flyer Weapons Level 1  
  103  9:16  Overlord x4  
  97  9:34  Spore Crawler  
  93  9:45  Mutalisk x2  
  84  9:46  Mutalisk x2  
  76  10:11  Hydralisk x2  
  76  10:12  Hydralisk  
  66  10:25  Zergling x18  
  75  10:33  Spore Crawler  
  72  10:36  Spore Crawler  
  72  10:37  Spore Crawler  
  66  10:50  Zergling x12  
  72  11:09  Spore Crawler  
  71  11:21  Hydralisk x2  
  71  11:22  Hydralisk x5  
  71  11:25  Drone x2  
  77  11:56  Hydralisk x2  
  77  11:57  Hydralisk x2  
  85  12:19  Extractor  
  85  12:21  Hatchery  
  83  12:26  Hydralisk  
  85  12:58  Zergling x2  
  85  12:59  Zergling x10  
  91  13:18  Extractor  
  90  13:22  Extractor  
  89  13:38  Mutalisk x4  
  89  13:40  Overlord x2  
  97  13:46  Hatchery  
Show
View Real Time Build Order
Export as new Build Order

bertman Terran 

Build Orders:  

Get SALT Encoding   

  12  0:01  SCV  
  13  0:19  Supply Depot  
  13  0:21  SCV  
  14  0:33  SCV  
  15  0:46  SCV  
  15  0:47  Refinery  
  16  0:52  Barracks  
  16  1:26  SCV  
  17  1:38  SCV  
  18  1:41  Supply Depot  
  18  1:50  Marine  
  19  2:08  Marine  
  20  2:21  Barracks  
  20  2:26  Marine  
  21  2:44  Marine  
  22  2:53  Factory  
  22  3:02  Marine  
  23  3:19  Marine  
  23  3:20  Command Center  
  24  3:30  Barracks  
  24  3:35  Engineering Bay  
  24  3:37  Marine x2  
  26  3:55  Marine x2  
  28  4:10  Terran Infantry Weapons Level 1  
  28  4:13  Marine x2  
  30  4:22  Starport  
  30  4:31  Marine x2  
  32  4:38  Supply Depot  
  32  4:41  Supply Depot  
  32  4:42  Refinery  
  32  4:43  SCV  
  32  4:44  SCV  
  34  4:49  Marine x2  
  36  4:55  SCV  
  36  4:56  SCV  
  38  5:08  SCV  
  38  5:11  Supply Depot  
  39  5:16  SCV  
  39  5:20  SCV  
  39  5:21  Factory Tech Lab  
  41  5:31  Refinery  
  41  5:32  SCV  
  42  5:44  SCV  
  43  5:51  Marine  
  43  5:52  Marine x2  
  46  6:09  Marine x2  
  46  6:10  Marine, Supply Depot  
  49  6:12  Orbital Command  
  49  6:15  Siege Tank  
  52  6:22  SCV  
  53  6:27  Marine x2  
  55  6:34  SCV  
  55  6:35  Starport Tech Lab  
  56  6:46  SCV  
  57  6:58  SCV  
  58  7:10  Medivac  
  58  7:14  Starport  
  60  7:16  SCV  
  61  7:28  SCV  
  62  7:36  Armory, Terran Infantry Armor Level 1  
  62  7:40  Medivac, SCV  
  65  7:53  SCV  
  66  8:05  SCV  
  63  8:10  Medivac, Marine  
  63  8:11  Marine x2  
  68  8:27  Terran Vehicle Weapons Level 1  
  68  8:28  Marine x3  
  68  8:29  Missile Turret  
  55  8:46  Marine x3  
  56  9:04  Marine x3  
  56  9:09  SCV  
  60  9:15  SCV  
  61  9:21  SCV  
  61  9:22  Marine x3  
  65  9:27  SCV  
  66  9:33  SCV  
  67  9:45  SCV  
  68  9:57  SCV  
  55  10:20  Medivac  
  57  10:25  Marine x3  
  57  10:43  Marine x3  
  58  10:50  Medivac  
  60  11:01  Marine x3  
  60  11:19  Marine x3  
  60  11:20  Medivac  
  59  11:36  Marine  
  59  11:37  Marine x2  
  42  11:50  Medivac  
  44  11:54  Marine x3  
  42  12:07  Siege Tank  
  45  12:12  Marine x3  
  48  12:19  Medivac  
  49  12:26  Starport Tech Lab  
  49  12:30  Marine x3  
  52  12:38  SCV  
  52  12:41  Refinery  
  52  12:43  Refinery  
  53  12:48  Marine x3  
  53  12:50  SCV  
  57  13:02  SCV  
  58  13:05  Marine  
  58  13:06  Marine x2  
  58  13:10  Refinery  
  61  13:14  SCV  
  62  13:23  Marine x2  
  62  13:24  Marine  
  62  13:26  SCV  
Tags
 
Add a new tag
Caveats
  • Supply blocks, unpowered buildings, or Contaminate may cause inaccurate times.
  • Supply counts are checked every 10 seconds.